 Dungeon Crawl Stone Soup version 0.31-a0-166-g46f44d267d (webtiles) character file.

Game seed: 11496445270744473695

2723 mogg the Geomancer (level 9, -1/46 HPs)
             Began as a Gargoyle Earth Elementalist on June 14, 2023.
             Was a Follower of Vehumet.
             Slain by Prince Ribbit (7 damage)
             ... in a bailey.
             The game lasted 00:40:23 (6195 turns).

mogg the Geomancer (Gargoyle Earth Elementalist)    Turns: 6195, Time: 00:40:23

Health: -1/46      AC: 10    Str: 12    XL:     9   Next: 66%
Magic:  13/18      EV: 12    Int: 18    God:    Vehumet [*.....]
Gold:   407        SH:  0    Dex: 12    Spells: 14/21 levels left

rFire   . . .        d - staff of earth
rCold   . . .        y - orb {light}
rNeg    + . .        a - +0 robe
rPois   ∞            i - +0 helmet
rElec   +            t - +0 cloak
rCorr   .            (no gloves)
SInv    .            (no boots)
Will    .....        (no amulet)
Stlth   +            (no ring)
HPRegen 0.27/turn    (no ring)
MPRegen 0.16/turn

%: no passive effects
@: glowing
A: sickness immunity, AC +6, negative energy resistance 1, electricity
resistance, torment resistance 1, petrification resistance
a: Renounce Religion


You were in a bailey.
You worshipped Vehumet.
Vehumet was aware of your devotion.
You visited 2 branches of the dungeon, and saw 8 of its levels.
You also visited: Bailey.

You collected 407 gold pieces.

Inventory:

Armour
 a - a +0 robe (worn)
 i - a +0 helmet (worn)
 t - a +0 cloak (worn)
 y - an orb of light (worn)
Magical Staves
 d - a staff of earth (weapon)
 s - a staff of earth
Jewellery
 f - a ring of protection from cold
Wands
 n - a wand of flame (19)
Scrolls
 h - 4 scrolls of enchant weapon
 j - a scroll of poison
 k - a scroll of teleportation
 q - a scroll of immolation {unknown}
 v - 3 scrolls of identify
 w - a scroll of silence {unknown}
 x - a scroll of fog {unknown}
 z - a scroll of torment {unknown}
Potions
 b - 3 potions of magic
 c - 3 potions of attraction
 e - 3 potions of haste
 g - 4 potions of heal wounds
 l - 2 potions of enlightenment
 m - 2 potions of mutation
 o - 3 potions of degeneration {unknown}
 p - a potion of berserk rage {unknown}
 r - a potion of ambrosia {unknown}
 u - a potion of brilliance {unknown}


   Skills:
 + Level 0.6 Fighting
 + Level 1.6 Staves
 * Level 3.2 Dodging
 * Level 5.0 Stealth
 * Level 6.5 Spellcasting
 * Level 4.0 Conjurations
 * Level 3.1 Transmutations
 * Level 8.6 Earth Magic
 * Level 3.4 Evocations


You had 14 spell levels left.
You knew the following spells:

 Your Spells              Type           Power      Damage    Failure   Level
a - Sandblast             Erth           100%       2d20      1%          1
b - Passwall              Tmut/Erth      33%        N/A       1%          2
c - Stone Arrow           Conj/Erth      84%        3d12      2%          3
d - Kiss of Death         Conj/Necr      52%        2d9       4%          1

Your spell library contained the following spells:

 Spells                   Type           Power      Damage    Failure   Level
 Beastly Appendage        Tmut           34%        N/A       3%          1
 Wereblood                Tmut           17%        N/A       4%          2
 Petrify                  Tmut/Erth      40%        N/A       10%         4
 Apportation              Tloc           10%        N/A       12%         1
 Necrotise                Necr           20%        1d5       12%         1
 Summon Small Mammal      Summ           20%        N/A       12%         1
 Spider Form              Tmut/Pois      11%        N/A       19%         3
 Summon Forest            Summ/Tloc      2%         N/A       97%         5
 Summon Mana Viper        Hex/Summ       5%         N/A       97%         5
 Summon Cactus Giant      Summ           2%         N/A       100%        6


Dungeon Overview and Level Annotations

Branches:
Dungeon (7/15)             Temple (1/1) D:4          Bailey (1/1)

Altars:
Ashenzari
Cheibriados
Dithmenos
Elyvilon
Fedhas
Gozag
Hepliaklqana
Kikubaaqudgha
Makhleb
Nemelex Xobeh
Okawaru
Qazlal
Ru
Sif Muna
Trog
Uskayaw
Vehumet
Wu Jian
Xom
Yredelemnul
Zin
The Shining One

Shops:
D:4 [

Annotations:
Bailey Prince Ribbit


Innate Abilities, Weirdness & Mutations

You are immune to sickness and miasma.
Your stone body is resilient. (AC +6)
You are immune to poison.
You resist negative energy. (rN+)
You are resistant to electric shocks. (rElec)
You are resistant to unholy torment.
You are immune to petrification.


Message History

Press: ? - help, Shift-Dir - straight line, f/p - vault guard
Aim: a vault guard, wielding a +0 broad axe and wearing a +0 chain mail (moderately wounded, haloed, 87% to hit)
You feel a surge of power!
The blast of sand hits the vault guard but does no damage.
The vault guard is moderately wounded.
Prince Ribbit closely misses you. The vault guard misses you.
Prince Ribbit hits you. The vault guard closely misses you.
Unknown command.
Casting: Sandblast (safe; 1% risk of failure)
Confirm with . or Enter, or press ? or * to list all spells.
Aiming: Sandblast (safe; 1% risk of failure)
Press: ? - help, Shift-Dir - straight line, f/p - vault guard
Aim: a vault guard, wielding a +0 broad axe and wearing a +0 chain mail (moderately wounded, haloed, 87% to hit)
You feel a surge of power!
The blast of sand hits the vault guard but does no damage.
The vault guard is moderately wounded.
Prince Ribbit blinks!
The vault guard closely misses you.
Prince Ribbit blinks!
Casting: Sandblast (safe; 1% risk of failure)
Confirm with . or Enter, or press ? or * to list all spells.
Aiming: Sandblast (safe; 1% risk of failure)
Press: ? - help, Shift-Dir - straight line, f/p - vault guard
Aim: a vault guard, wielding a +0 broad axe and wearing a +0 chain mail (moderately wounded, haloed, 87% to hit)
You feel a surge of power!
The blast of sand hits the vault guard!
The vault guard is heavily wounded.
The vault guard hits you with a +0 broad axe.
The vault guard hits you with a +0 broad axe!!
Prince Ribbit hits you!
* * * LOW HITPOINT WARNING * * *
Casting: Sandblast (safe; 1% risk of failure)
Confirm with . or Enter, or press ? or * to list all spells.
Aiming: Sandblast (safe; 1% risk of failure)
Press: ? - help, Shift-Dir - straight line, f/p - vault guard
Aim: a vault guard, wielding a +0 broad axe and wearing a +0 chain mail (heavily wounded, haloed, 87% to hit)
You feel a surge of power!
The blast of sand hits the vault guard!
The vault guard is heavily wounded.
Prince Ribbit completely misses you.
The vault guard hits you with a +0 broad axe.
* * * LOW HITPOINT WARNING * * *
Prince Ribbit hits you!
You die...

##??!## #?!.?!#
#.....# #.....#
#..∩..#
###.....###
##~##p..##≈##
##~~~##@##~~≈##
#~~~....F~.~~≈#
#.........~~~≈##
.≈≈≈~..~..~~~~≈#
+###≈~~)...~~~≈#
##≈~..~~~~~≈#
#≈~....~~~≈#
##≈~...~~~≈#
#≈~).~~~≈##


You could see a vault guard and Prince Ribbit.

Vanquished Creatures
  A two-headed ogre (D:7)
  2 humans (Bailey)
  2 water moccasins (D:6)
  2 ice beasts
  A black bear (D:5)
  An ogre (D:7)
  A centaur (D:7)
  A phantom (D:5)
  4 bullfrogs (Bailey)
  5 scorpions
  2 howler monkeys
  A gnoll bouda (D:7)
  3 hounds
  An iguana (D:4)
  An orc wizard (D:5)
  10 gnolls
  7 adders
  A shadow imp (D:6)
  3 white imps
  2 ufetubi (D:6)
  A worm (D:3)
  5 dart slugs
  15 orcs
  5 endoplasms
  A giant cockroach (D:2)
  19 goblins
  11 hobgoblins
  9 jackals
  3 quokkas
  7 ball pythons
  4 bats
  4 frilled lizards
  5 kobolds
  2 rats
142 creatures vanquished.

Notes
Turn   | Place    | Note
-------+----------+-------------------------------------------
     0 | D:1      | mogg the Gargoyle Earth Elementalist began the quest for
                  | the Orb.
     0 | D:1      | Reached XP level 1. HP: 10/10 MP: 3/3
    82 | D:1      | Reached XP level 2. HP: 15/15 MP: 1/5
   154 | D:1      | Reached skill level 4 in Earth Magic
   396 | D:1      | Reached XP level 3. HP: 19/19 MP: 3/6
   631 | D:1      | Learned a level 2 spell: Passwall
   723 | D:1      | Identified a scroll of acquirement
   723 | D:1      | Acquired a staff of earth
  1043 | D:2      | Found an opulent altar of Gozag.
  1503 | D:3      | Reached skill level 1 in Conjurations
  1696 | D:3      | Reached XP level 4. HP: 24/24 MP: 3/8
  2536 | D:4      | Noticed a scorpion
  2546 | D:3      | Reached skill level 1 in Transmutations
  2554 | D:3      | Reached XP level 5. HP: 27/28 MP: 9/9
  2569 | D:3      | Reached skill level 1 in Evocations
  2576 | D:3      | Reached skill level 5 in Earth Magic
  2713 | D:4      | Reached XP level 6. HP: 32/32 MP: 6/10
  2742 | D:4      | Found a staircase to the Ecumenical Temple.
  2769 | Temple   | Entered the Ecumenical Temple
  2824 | Temple   | Became a worshipper of Vehumet
  3341 | D:4      | Found Jothrin's Armour Emporium.
  3478 | D:5      | Entered Level 5 of the Dungeon
  3483 | D:5      | Reached skill level 1 in Staves
  3490 | D:5      | Noticed a black bear
  3648 | D:5      | Reached XP level 7. HP: 35/36 MP: 9/12
  4654 | D:6      | Reached skill level 6 in Earth Magic
  4661 | D:6      | Noticed a gargoyle
  4720 | D:6      | Reached XP level 8. HP: 32/42 MP: 12/14
  4753 | D:6      | Learned a level 3 spell: Stone Arrow
  4781 | D:6      | Reached * piety under Vehumet
  4781 | D:6      | Offered knowledge of Kiss of Death by Vehumet.
  4784 | D:6      | Learned a level 1 spell: Kiss of Death
  5101 | D:6      | Reached skill level 5 in Spellcasting
  5108 | D:6      | Found a stormy altar of Qazlal.
  5110 | D:6      | Found a sacrificial altar of Ru.
  5112 | D:6      | Found an ornate altar of the Wu Jian Council.
  5114 | D:6      | Found a broken altar of Ashenzari.
  5115 | D:6      | Found a snail-covered altar of Cheibriados.
  5117 | D:6      | Found a basalt altar of Yredelemnul.
  5119 | D:6      | Found a shimmering blue altar of Sif Muna.
  5707 | D:7      | Reached skill level 7 in Earth Magic
  5868 | D:7      | Noticed a two-headed ogre
  5875 | D:7      | Killed a two-headed ogre
  5876 | D:7      | Reached XP level 9. HP: 38/46 MP: 13/18
  5961 | D:7      | Found a flagged portal.
  5976 | Bailey   | Entered a bailey
  5988 | Bailey   | Reached skill level 8 in Earth Magic
  6131 | Bailey   | Reached skill level 5 in Stealth
  6187 | Bailey   | Noticed Prince Ribbit
  6188 | Bailey   | Noticed a vault guard
  6195 | Bailey   | Slain by Prince Ribbit

Illustrated notes

Levels and vault maps discovered:
D:1:      ldierk_walled_garden, layout_rooms
D:2:      layout_basic, basic_altar
D:3:      minmay_skewed_foursquare, layout_basic
D:4:      kennysheep_big_flooded_room, layout_rooms,
          minmay_temple_entry_slanted, serial_shops, shop, minmay_goblin_outpost
D:5:      layout_basic
D:6:      layout_loops_cross, minitemple, grunt_ministairs_2
D:7:      layout_loops_ring, enter_bailey_4
Temple:   hellmonk_temple_two_chambers
Bailey:   bailey_axe_froggy_fort_hellmonk, bailey

Skill      XL: |  1  2  3  4  5  6  7  8  9 |
---------------+----------------------------+-----
Earth Magic    | 4 5 6 7 8 |  8.6
Conjurations   | 1 2 3 4 |  4.0
Spellcasting   | 3 4 6 |  6.5
Transmutations | 1 2 3 |  3.1
Evocations     | 1 2 3 |  3.4
Dodging        | 2 3 |  3.2
Stealth        | 3 4 5 |  5.0
Staves         | 1 |  1.6
Fighting       | |  0.6

Action                     |  1- 3 |  4- 6 |  7- 9 || total
---------------------------+-------+-------+-------++-------
  Melee: Staff             |    19 |    97 |    43 ||   159
         Punch             |       |     1 |     1 ||     2
   Cast: Sandblast         |    43 |    55 |    96 ||   194
         Passwall          |       |     4 |     1 ||     5
         Stone Arrow       |       |       |     2 ||     2
    Use: Scroll            |     5 |     4 |     2 ||    11
 Armour: Robe              |    12 |    32 |    27 ||    71
  Dodge: Dodged            |    14 |    68 |    43 ||   125

Table legend: (Time is in decaauts)
 A = Elapsed time spent in this place.
 B = Non-inter-level travel time spent in this place.
 C = Inter-level travel time spent in this place.
 D = Time resting spent in this place.
 E = Time spent auto-exploring this place.
 F = Levels seen in this place.
 G = Mean time per level.
                   A        B        C        D        E       F      G
               +--------+--------+--------+--------+--------+-----+--------+
         Total |   6315 |   5500 |    815 |    227 |   3785 |   9 |  701.7 |
       Dungeon |   6020 |   5264 |    756 |    176 |   3671 |   7 |  860.0 |
        Temple |     61 |      2 |     59 |      0 |      0 |   1 |   61.0 |
        Bailey |    232 |    232 |      0 |     51 |    114 |   1 |  232.0 |
               +--------+--------+--------+--------+--------+-----+--------+

Top non-repeatable levels by time:
     D:3: 1229 daAuts
     D:5: 1219 daAuts
     D:4: 796 daAuts
     D:1: 775 daAuts
     D:6: 721 daAuts
     D:2: 677 daAuts
     D:7: 600 daAuts
  Bailey: 232 daAuts
  Temple: 61 daAuts
